General information
- name: BNet
- type: Ladder team game (AT/RT)
- host: Battle.net
- saver: BEAR_AND
map: Highperch
- players: 6
- length: 93:00
- speed: Fast
- version: 1.21 W3XP
- replay type:

» download(521 KB)
Players
team 1 (loser)
ChillinPn0y (
orange | 60 APM | 5551 actions | 92:59)
5 Far Seer
3 Feral Spirit
1 Far Sight
1 Chain Lighting
» actions
| Assign group hotkey | 72 | |
| Basic commands | 133 | |
| Build / train | 118 | |
| Enter build submenu | 24 | |
| Enter hero's abilities submenu | 6 | |
| Give item / drop item | 5 | |
| Remove unit from queue | 1 | |
| Right click | 2493 | |
| Select / deselect | 1231 | |
| Select group hotkey | 1206 | |
| Use ability | 262 | |
5551 total
» units
| Peon | 28 | |
| Grunt | 5 | |
| Troll Batrider | 32 | |
| Demolisher | 15 | |
| Wind Rider | 2 | |
| Raider | 1 | |
| Troll Witch Doctor | 3 | |
86 total
» upgrades
| Berserker Strength | 1 | |
| Ensnare | 1 | |
| Liquid Fire | 1 | |
| Burning Oil | 1 | |
| Envenomed Spears | 1 | |
| Reinforced Defenses | 1 | |
6 total
» buildings
| Altar of Storms | 1 | |
| Orc Burrow | 8 | |
| Barracks | 2 | |
| Voodoo Lounge | 1 | |
| Stronghold | 4 | |
| War Mill | 1 | |
| Beastiary | 3 | |
| Fortress | 1 | |
| Great Hall | 1 | |
| Spirit Lodge | 1 | |
| Watch Tower | 3 | |
26 total
» build order
00:09 Altar of Storms
00:21 Orc Burrow
00:36 Barracks
01:28 Orc Burrow
02:09 Voodoo Lounge
02:50 Stronghold
02:50 Stronghold
02:51 Stronghold
02:51 Stronghold
03:50 Orc Burrow
04:41 War Mill
05:20 Beastiary
06:08 Fortress
06:43 Great Hall
07:15 Beastiary
08:20 Beastiary
10:10 Orc Burrow
11:06 Orc Burrow
14:28 Orc Burrow
15:57 Barracks
16:09 Spirit Lodge
20:33 Orc Burrow
31:03 Orc Burrow
60:04 Watch Tower
60:27 Watch Tower
62:37 Watch Tower
» items
| Scroll of Speed | 1 | |
| Lesser Clarity Potion | 5 | |
| Healing Salve | 3 | |
| Potion of Mana | 1 | |
10 total
NotSoPRO (
yellow | 82 APM | 7354 actions | 89:30)
6 Mountain King
3 Storm Bolt
2 Bash
1 Avatar
» actions
| Assign group hotkey | 44 | |
| Basic commands | 486 | |
| Build / train | 90 | |
| ESC pressed | 1 | |
| Enter build submenu | 30 | |
| Enter hero's abilities submenu | 6 | |
| Give item / drop item | 3 | |
| Right click | 3191 | |
| Select / deselect | 1098 | |
| Select group hotkey | 2235 | |
| Use ability | 170 | |
7354 total
» units
| Peasant | 14 | |
| Footman | 7 | |
| Rifleman | 2 | |
| Gryphon Rider | 6 | |
| Dragonhawk Rider | 10 | |
| Mortar Team | 1 | |
| Siege Engine | 13 | |
53 total
» upgrades
| Defend | 1 | |
| Swords | 2 | |
| Lumber Harvesting | 2 | |
| Animal War Training | 1 | |
| Masonry | 2 | |
| Cloud | 1 | |
| Plating | 1 | |
| Barrage | 1 | |
11 total
» buildings
| Altar of Kings | 1 | |
| Barracks | 1 | |
| Farm | 13 | |
| Blacksmith | 1 | |
| Keep | 1 | |
| Arcane Vault | 1 | |
| Lumber Mill | 1 | |
| Castle | 1 | |
| Gryphon Aviary | 2 | |
| Town Hall | 1 | |
| Guard Tower | 1 | |
| Arcane Tower | 5 | |
| Workshop | 4 | |
33 total
» build order
00:07 Altar of Kings
00:19 Barracks
00:34 Farm
00:49 Farm
01:34 Farm
03:34 Blacksmith
03:57 Keep
04:35 Arcane Vault
04:47 Farm
05:14 Lumber Mill
05:49 Farm
05:55 Farm
06:25 Castle
06:34 Farm
06:55 Gryphon Aviary
08:05 Town Hall
08:21 Gryphon Aviary
10:24 Guard Tower
10:37 Arcane Tower
10:37 Arcane Tower
10:37 Arcane Tower
12:08 Farm
13:03 Farm
13:52 Farm
14:10 Farm
15:15 Workshop
15:17 Workshop
18:27 Workshop
19:13 Workshop
19:46 Farm
20:37 Farm
» items
| Scroll of Regeneration | 2 | |
| Ivory Tower | 5 | |
| Potion of Lesser Invulnerability | 1 | |
| Staff of Teleportation | 1 | |
9 total
samx0rs (
red | 76 APM | 3793 actions | 49:41)
5 Beastmaster
3 Summon Quilbeast
2 Summon Hawk
» actions
| Assign group hotkey | 112 | |
| Basic commands | 139 | |
| Build / train | 63 | |
| ESC pressed | 2 | |
| Enter build submenu | 18 | |
| Enter hero's abilities submenu | 5 | |
| Right click | 1825 | |
| Select / deselect | 764 | |
| Select group hotkey | 630 | |
| Use ability | 235 | |
3793 total
» units
| Wisp | 14 | |
| Huntress | 6 | |
| Chimaera | 10 | |
| Druid of the Talon | 6 | |
36 total
» upgrades
| Ultravision | 1 | |
| Sentinel | 1 | |
| Reinforced Hides | 1 | |
| Corrosive Breath | 1 | |
| Strength of the Wild | 1 | |
| Druid of the Talon Training | 2 | |
| Mark of the Talon | 1 | |
8 total
» buildings
| Moon Well | 7 | |
| Altar of Elders | 1 | |
| Ancient of War | 1 | |
| Hunter's Hall | 1 | |
| Tree of Ages | 1 | |
| Ancient of Wind | 2 | |
| Tree of Eternity | 3 | |
| Chimaera Roost | 3 | |
| Ancient of Wonders | 1 | |
20 total
» build order
00:19 Moon Well
01:21 Altar of Elders
01:56 Ancient of War
02:03 Hunter's Hall
02:10 Moon Well
03:09 Tree of Ages
04:02 Moon Well
05:08 Moon Well
06:01 Ancient of Wind
06:02 Tree of Eternity
06:03 Tree of Eternity
07:09 Moon Well
08:25 Chimaera Roost
08:29 Chimaera Roost
09:12 Chimaera Roost
10:12 Ancient of Wonders
11:13 Moon Well
13:57 Moon Well
19:29 Ancient of Wind
» items
| Potion of Lesser Invulnerability | 1 | |
| Scroll of Healing | 1 | |
| Orb of Venom | 1 | |
3 total
team 2 (winner)
BEAR_AND (
pink | 119 APM | 11076 actions | 93:00)
7 Archmage
3 Blizzard
3 Brilliance Aura
1 Mass Teleport
» actions
| Assign group hotkey | 18 | |
| Basic commands | 37 | |
| Build / train | 132 | |
| Enter build submenu | 95 | |
| Enter hero's abilities submenu | 8 | |
| Give item / drop item | 8 | |
| Remove unit from queue | 18 | |
| Right click | 3767 | |
| Select / deselect | 790 | |
| Select group hotkey | 5894 | |
| Use ability | 304 | |
11076 total
» units
| Peasant | 18 | |
| Dragonhawk Rider | 2 | |
20 total
» upgrades
| Masonry | 3 | |
| Swords | 3 | |
| Armor | 3 | |
| Lumber Harvesting | 2 | |
| Animal War Training | 1 | |
| Magic Sentry | 1 | |
| Cloud | 1 | |
14 total
» buildings
| Altar of Kings | 1 | |
| Farm | 14 | |
| Scout Tower | 102 | |
| Lumber Mill | 2 | |
| Arcane Tower | 5 | |
| Guard Tower | 47 | |
| Town Hall | 1 | |
| Keep | 4 | |
| Blacksmith | 1 | |
| Gryphon Aviary | 2 | |
| Castle | 1 | |
| Arcane Vault | 2 | |
| Barracks | 1 | |
| Arcane Sanctum | 1 | |
184 total
» build order
00:07 Altar of Kings
00:17 Farm
00:48 Farm
01:21 Scout Tower
01:24 Scout Tower
01:32 Lumber Mill
01:45 Scout Tower
01:48 Scout Tower
01:49 Arcane Tower
02:20 Scout Tower
02:31 Scout Tower
02:36 Guard Tower
02:38 Guard Tower
03:02 Guard Tower
03:23 Scout Tower
03:24 Scout Tower
03:26 Guard Tower
03:36 Scout Tower
03:46 Scout Tower
03:49 Scout Tower
03:56 Guard Tower
04:08 Scout Tower
04:10 Guard Tower
04:13 Guard Tower
04:36 Scout Tower
04:36 Scout Tower
04:46 Guard Tower
04:48 Scout Tower
05:24 Guard Tower
05:25 Scout Tower
05:28 Guard Tower
05:58 Guard Tower
05:59 Scout Tower
06:11 Guard Tower
06:21 Scout Tower
06:23 Scout Tower
06:23 Scout Tower
06:26 Town Hall
06:34 Guard Tower
06:43 Scout Tower
06:46 Scout Tower
06:47 Scout Tower
06:48 Scout Tower
07:05 Guard Tower
07:12 Guard Tower
07:21 Scout Tower
07:22 Scout Tower
07:52 Guard Tower
07:55 Guard Tower
08:49 Keep
08:49 Keep
08:50 Keep
09:10 Blacksmith
09:11 Farm
09:12 Scout Tower
09:16 Scout Tower
09:16 Scout Tower
09:17 Scout Tower
09:51 Guard Tower
10:08 Guard Tower
10:57 Guard Tower
11:30 Guard Tower
11:32 Gryphon Aviary
11:35 Gryphon Aviary
11:36 Castle
11:47 Guard Tower
12:22 Farm
12:23 Farm
12:23 Farm
12:24 Farm
13:11 Arcane Vault
13:16 Scout Tower
13:17 Scout Tower
13:18 Scout Tower
13:21 Scout Tower
13:22 Scout Tower
13:27 Scout Tower
13:28 Scout Tower
13:30 Scout Tower
13:32 Scout Tower
13:43 Barracks
14:02 Arcane Sanctum
15:28 Guard Tower
15:31 Scout Tower
15:32 Scout Tower
15:32 Scout Tower
15:33 Scout Tower
15:34 Scout Tower
15:49 Farm
15:50 Farm
15:50 Farm
15:50 Farm
16:00 Guard Tower
16:12 Guard Tower
16:16 Scout Tower
16:17 Scout Tower
16:18 Scout Tower
16:19 Scout Tower
16:19 Scout Tower
16:20 Guard Tower
17:50 Guard Tower
19:10 Guard Tower
19:40 Guard Tower
19:43 Scout Tower
19:44 Scout Tower
20:00 Guard Tower
20:45 Farm
20:47 Farm
24:48 Scout Tower
24:50 Scout Tower
25:18 Guard Tower
25:25 Lumber Mill
25:32 Scout Tower
25:32 Scout Tower
25:34 Scout Tower
25:56 Guard Tower
26:00 Scout Tower
26:01 Scout Tower
26:02 Scout Tower
26:04 Scout Tower
26:11 Guard Tower
27:26 Arcane Tower
27:27 Arcane Tower
27:27 Guard Tower
28:13 Guard Tower
28:16 Scout Tower
28:17 Scout Tower
28:17 Scout Tower
28:18 Scout Tower
28:56 Guard Tower
29:00 Scout Tower
29:01 Scout Tower
29:02 Scout Tower
29:23 Scout Tower
29:23 Scout Tower
29:24 Scout Tower
29:25 Scout Tower
29:30 Scout Tower
29:43 Guard Tower
29:52 Scout Tower
29:53 Scout Tower
29:53 Guard Tower
29:55 Scout Tower
30:00 Guard Tower
30:11 Guard Tower
30:16 Scout Tower
30:36 Guard Tower
31:01 Arcane Vault
31:10 Guard Tower
31:12 Scout Tower
31:13 Scout Tower
31:16 Scout Tower
31:18 Scout Tower
31:19 Scout Tower
31:23 Scout Tower
31:24 Scout Tower
31:27 Scout Tower
31:28 Scout Tower
31:31 Scout Tower
31:32 Scout Tower
31:32 Scout Tower
31:33 Scout Tower
31:35 Scout Tower
31:35 Scout Tower
31:36 Scout Tower
31:39 Scout Tower
31:41 Scout Tower
31:41 Scout Tower
31:44 Scout Tower
31:45 Scout Tower
32:53 Guard Tower
32:58 Scout Tower
32:59 Scout Tower
33:10 Scout Tower
33:11 Scout Tower
33:12 Scout Tower
33:27 Guard Tower
34:22 Arcane Tower
34:23 Guard Tower
34:25 Guard Tower
34:26 Guard Tower
34:43 Arcane Tower
» items
| Healing Salve | 3 | |
| Boots of Speed | 1 | |
| Staff of Teleportation | 1 | |
| Potion of Invisibility | 1 | |
| Orb of Lightning | 1 | |
| Scroll of Town Portal | 2 | |
| Staff of Sanctuary | 1 | |
| Mechanical Critter | 3 | |
13 total
dirtmcwordup (
blue | 38 APM | 3547 actions | 92:59)
7 Blademaster
3 Wind Walk
3 Critical Strike
1 Bladestorm
» actions
| Assign group hotkey | 18 | |
| Basic commands | 163 | |
| Build / train | 73 | |
| ESC pressed | 4 | |
| Enter build submenu | 86 | |
| Enter hero's abilities submenu | 7 | |
| Give item / drop item | 5 | |
| Remove unit from queue | 2 | |
| Right click | 1930 | |
| Select / deselect | 463 | |
| Select group hotkey | 554 | |
| Use ability | 242 | |
3547 total
» units
| Peon | 16 | |
| Troll Batrider | 12 | |
| Kodo Beast | 1 | |
| Spirit Walker | 2 | |
| Shaman | 2 | |
| Raider | 2 | |
35 total
» upgrades
| Spiked Barricades | 1 | |
| Ranged Weapons | 1 | |
| Liquid Fire | 1 | |
| Reinforced Defenses | 1 | |
| Armor | 2 | |
| War Drums Damage Increase | 1 | |
| Ensnare | 1 | |
| Shaman Training | 2 | |
| Spirit Walker Training | 2 | |
| Pillage | 1 | |
13 total
» buildings
| Altar of Storms | 2 | |
| Orc Burrow | 7 | |
| War Mill | 2 | |
| Watch Tower | 63 | |
| Stronghold | 1 | |
| Voodoo Lounge | 2 | |
| Beastiary | 2 | |
| Fortress | 1 | |
| Spirit Lodge | 1 | |
| Great Hall | 2 | |
83 total
» build order
00:09 Altar of Storms
00:11 Orc Burrow
00:32 War Mill
01:57 Watch Tower
02:00 Watch Tower
02:03 Watch Tower
02:22 Orc Burrow
03:32 Watch Tower
03:36 Watch Tower
03:54 Watch Tower
04:33 Watch Tower
04:36 Watch Tower
04:40 Watch Tower
04:42 Watch Tower
05:45 Watch Tower
05:53 Watch Tower
05:55 Watch Tower
05:57 Watch Tower
06:18 Stronghold
06:48 Watch Tower
07:00 Voodoo Lounge
07:03 Voodoo Lounge
07:04 Watch Tower
08:22 Watch Tower
08:25 Watch Tower
08:28 Watch Tower
08:30 Watch Tower
08:41 Beastiary
08:43 Beastiary
08:48 Watch Tower
08:52 Watch Tower
09:28 Watch Tower
09:30 Watch Tower
09:30 Watch Tower
10:08 Watch Tower
10:10 Watch Tower
10:33 Orc Burrow
11:15 Watch Tower
11:16 Watch Tower
11:23 Fortress
12:46 Watch Tower
12:46 Watch Tower
12:47 Watch Tower
12:53 Watch Tower
12:53 Watch Tower
12:55 Watch Tower
13:06 Watch Tower
14:19 Watch Tower
14:20 Watch Tower
23:51 Watch Tower
23:53 Watch Tower
23:58 Watch Tower
25:09 Spirit Lodge
26:43 Watch Tower
26:54 Watch Tower
26:55 Watch Tower
27:24 Watch Tower
27:28 Watch Tower
27:52 Watch Tower
27:54 Watch Tower
28:02 Watch Tower
28:03 Watch Tower
28:53 Watch Tower
29:37 Watch Tower
29:39 Watch Tower
30:00 Watch Tower
30:33 Watch Tower
30:44 Watch Tower
30:45 Watch Tower
30:49 Watch Tower
31:57 Watch Tower
31:58 Watch Tower
33:04 Watch Tower
33:05 Watch Tower
33:25 Watch Tower
71:37 Altar of Storms
71:42 Orc Burrow
71:46 Orc Burrow
72:49 Orc Burrow
73:04 Orc Burrow
84:49 War Mill
90:38 Great Hall
90:46 Great Hall
» items
| Staff of Teleportation | 1 | |
| Boots of Speed | 1 | |
| Lesser Clarity Potion | 2 | |
| Healing Salve | 3 | |
| Orb of Lightning | 1 | |
| Scroll of Town Portal | 5 | |
13 total

»
evil_pengoon (
teal | 45 APM | 4175 actions | 92:59)
6 Death Knight
3 Death Coil
2 Unholy Aura
1 Animate Dead
» actions
| Assign group hotkey | 42 | |
| Basic commands | 85 | |
| Build / train | 65 | |
| Enter build submenu | 16 | |
| Enter hero's abilities submenu | 6 | |
| Give item / drop item | 3 | |
| Remove unit from queue | 5 | |
| Right click | 2264 | |
| Select / deselect | 702 | |
| Select group hotkey | 905 | |
| Use ability | 81 | |
4175 total
» units
» upgrades
| Creature Attack | 3 | |
| Creature Carapace | 3 | |
| Stone Form | 1 | |
7 total
» buildings
| Altar of Darkness | 1 | |
| Crypt | 3 | |
| Ziggurat | 7 | |
| Tomb of Relics | 2 | |
| Graveyard | 1 | |
| Halls of the Dead | 2 | |
| Spirit Tower | 3 | |
| Black Citadel | 1 | |
| Sacrificial Pit | 1 | |
21 total
» build order
00:08 Altar of Darkness
00:11 Crypt
00:15 Crypt
00:37 Ziggurat
01:09 Tomb of Relics
01:14 Ziggurat
01:54 Graveyard
03:19 Ziggurat
05:28 Ziggurat
05:29 Ziggurat
05:30 Ziggurat
05:33 Ziggurat
05:47 Halls of the Dead
06:24 Spirit Tower
06:25 Spirit Tower
06:39 Spirit Tower
07:12 Tomb of Relics
07:34 Crypt
10:24 Black Citadel
24:13 Sacrificial Pit
29:08 Halls of the Dead
» items
| Sacrificial Skull | 1 | |
| Boots of Speed | 1 | |
| Staff of Teleportation | 1 | |
| Circlet of Nobility | 1 | |
| Periapt of Vitality | 1 | |
| Orb of Lightning | 1 | |
| Tiny Great Hall | 1 | |
7 total
Chat log
(00:04 / Allies) BEAR_AND: mother fucker
(00:05 / Allies) dirtmcwordup: make garg
(00:12 / Allies) BEAR_AND: and ghoild
(00:13 / Allies) BEAR_AND: ghoul
(00:14 / Allies) BEAR_AND: for wood
(00:18 / Allies) dirtmcwordup: yo ep you ever perched before
(00:19 / Allies) evil_pengoon: da goo
(00:25 / Allies) evil_pengoon: yeah
(00:27 / Allies) dirtmcwordup: ok
(00:28 / Allies) dirtmcwordup: sweet
(01:53 / Allies) BEAR_AND: a scout
(01:53 / Allies) BEAR_AND: bad
(02:01 / All) NotSoPRO: WAT ARE U DOING
(02:06 / All) BEAR_AND: huh
(02:10 / All) NotSoPRO: WAT IS S
(02:41 / Allies) dirtmcwordup: fs
(02:47 / Allies) dirtmcwordup: bring all ghouo
(02:48 / Allies) dirtmcwordup: quick
(03:25 / Allies) dirtmcwordup: oops
(03:43 / Allies) BEAR_AND: wood
(05:02 / Allies) dirtmcwordup: share up
(05:11 / Allies) dirtmcwordup: lets exapdn
(05:43 / Allies) dirtmcwordup: yo tech up ep
(05:55 / Allies) BEAR_AND: wood
(06:08 / Allies) BEAR_AND: ty
(06:12 / Allies) dirtmcwordup: you expand
(07:33 / All) dirtmcwordup: lmao noob
(08:48 / Allies) evil_pengoon: wuts the plan raptor man
(09:01 / Allies) dirtmcwordup: take all gold off this map
(09:02 / Allies) BEAR_AND: wopod please
(09:03 / Allies) dirtmcwordup: go up on perch
(09:05 / Allies) dirtmcwordup: make anti air
(09:14 / Allies) dirtmcwordup: we need garg
(09:16 / Allies) dirtmcwordup: to staff to
(09:20 / Allies) evil_pengoon: k
(09:21 / Allies) dirtmcwordup: you get tiny town hall
(09:21 / Allies) evil_pengoon: makin
(09:22 / Allies) dirtmcwordup: and make it
(10:44 / Allies) dirtmcwordup: lum
(11:08 / Allies) dirtmcwordup: out
(11:50 / Allies) dirtmcwordup: kill & heal
(12:02 / Allies) dirtmcwordup: bear and
(12:05 / Allies) BEAR_AND: yea
(12:06 / Allies) dirtmcwordup: holy
(12:07 / Allies) dirtmcwordup: crap
(12:20 / Allies) dirtmcwordup: gargoyle trageyd..
(12:35 / Allies) BEAR_AND: fropm now on don't stray from towers
(12:36 / Allies) BEAR_AND: w/ air
(12:44 / Allies) BEAR_AND: bat tragedy
(12:46 / All) BEAR_AND: hahahah
(13:02 / Allies) evil_pengoon: stone form comin up
(13:36 / Allies) dirtmcwordup: gona bat some shit
(13:47 / Allies) BEAR_AND: little lum
(14:21 / Allies) evil_pengoon: whenever
(14:24 / Allies) dirtmcwordup: not yet
(14:26 / Allies) dirtmcwordup: too early
(14:34 / Allies) BEAR_AND: when mines around 4000 or when we in danger
(15:53 / Allies) BEAR_AND: wood
(15:54 / Allies) BEAR_AND: please
(16:59 / Allies) BEAR_AND: get boots & staff
(17:46 / Allies) BEAR_AND: imba
(18:15 / Allies) dirtmcwordup: ep bro fight over the towers
(18:55 / All) NotSoPRO: WHY
(18:56 / All) NotSoPRO: ARE U DOING TIHS
(19:01 / Allies) dirtmcwordup: not yet
(19:05 / Allies) BEAR_AND: mis click
(19:38 / Allies) dirtmcwordup: tanks awoot
(19:50 / Allies) dirtmcwordup: gosh i love your 2 auras
(19:59 / Allies) dirtmcwordup: i could chill here all day hehhehe..
(20:13 / Allies) BEAR_AND: leave gargs
(20:16 / Allies) dirtmcwordup: gold me for some towers for the perch
(20:17 / Allies) BEAR_AND: you'll just get nuke
(20:41 / Allies) dirtmcwordup: revealed
(21:02 / Allies) BEAR_AND: gargs sound like hydralisk
(21:12 / Allies) dirtmcwordup: kill that for exp/gold
(21:23 / All) BEAR_AND: hey
(21:27 / All) BEAR_AND: how do u like
(21:42 / Allies) BEAR_AND: OUT
(22:29 / Allies) dirtmcwordup: ep go up when ready
(22:54 / Allies) dirtmcwordup: get tiny town hall
(22:58 / Allies) dirtmcwordup: and staff up and place it
(22:59 / Allies) BEAR_AND: ud hall up there
(23:01 / Allies) BEAR_AND: smaller
(23:24 / Allies) dirtmcwordup: tping
(23:31 / Allies) dirtmcwordup: send all aa up top
(23:33 / Allies) BEAR_AND: destroy all tree
(23:34 / Allies) dirtmcwordup: forget down bottom
(23:35 / Allies) dirtmcwordup: its gone
(24:00 / Allies) BEAR_AND: make shades
(24:03 / Allies) BEAR_AND: don't suicie
(24:07 / Allies) evil_pengoon: k
(24:55 / Allies) BEAR_AND: i kind of like tihs actually
(24:57 / Allies) BEAR_AND: nightmare perch
(25:00 / Allies) BEAR_AND: hallowee perch
(25:49 / Allies) dirtmcwordup: make shade pit
(25:58 / Allies) dirtmcwordup: ic
(26:17 / Allies) BEAR_AND: 1500 left
(26:19 / Allies) BEAR_AND: 2 min
(26:25 / Allies) BEAR_AND: don't fight the tank
(26:34 / Allies) BEAR_AND: actually
(26:35 / Allies) BEAR_AND: do
(26:36 / Allies) BEAR_AND: i want 100food
(28:26 / Allies) BEAR_AND: ok we'll be fgine
(28:28 / Allies) BEAR_AND: my min out
(28:30 / Allies) BEAR_AND: going 100food
(28:39 / Allies) dirtmcwordup: about to tp up with caster
(29:48 / Allies) BEAR_AND: why tech
(29:52 / Allies) dirtmcwordup: leave it
(29:55 / Allies) evil_pengoon: so it can attack
(29:55 / Allies) dirtmcwordup: good for frost attack
(29:56 / Allies) dirtmcwordup: long range
(29:57 / Allies) BEAR_AND: ok
(30:14 / All) NotSoPRO: do we win
(30:18 / All) BEAR_AND: not yet
(30:23 / Allies) BEAR_AND: u close,
(30:23 / All) NotSoPRO: wats going on
(30:24 / Allies) dirtmcwordup: unsum unneccesary buildings please
(30:26 / All) BEAR_AND: u close,
(30:28 / Allies) dirtmcwordup: with garg
(30:30 / Allies) dirtmcwordup: pump mad garg
(30:59 / Allies) dirtmcwordup: fuck come onnnnnnnnn
(32:45 / All) ChillinPn0y: were u THAT bored?
(32:50 / All) BEAR_AND: yea lol
(32:55 / All) ChillinPn0y: >>>
(32:58 / All) ChillinPn0y: why didnt u just leavbe
(33:00 / All) BEAR_AND: ok gg
(33:04 / All) NotSoPRO: WTF
(33:05 / All) ChillinPn0y: porn is free
(33:51 / Allies) BEAR_AND: kill em off
(34:06 / Allies) dirtmcwordup: shouldve unsummoned tower
(34:47 / Allies) BEAR_AND: ok we good now
(35:31 / Allies) BEAR_AND: 22 hawk
(35:32 / Allies) BEAR_AND: not bad
(35:39 / All) ChillinPn0y: U KILLED HJIM
(35:55 / Allies) BEAR_AND: 1hp
(36:13 / Allies) BEAR_AND: shade
(36:14 / Allies) BEAR_AND: 1hop
(36:17 / Allies) BEAR_AND: from splash lmao
(36:27 / All) BEAR_AND: gg all
(36:36 / All) BEAR_AND: gg thanks for free win
(36:38 / Allies) evil_pengoon: any1 need g?
(36:43 / Allies) BEAR_AND: give me some incase u disc
(36:50 / Allies) BEAR_AND: wait
(36:52 / Allies) BEAR_AND: no
(36:53 / Allies) BEAR_AND: no
(36:53 / Allies) BEAR_AND: no
(36:55 / Allies) BEAR_AND: hahahhaha
(37:01 / Allies) BEAR_AND: oh i'm only in low
(37:02 / Allies) BEAR_AND: watever
(37:07 / Allies) dirtmcwordup: at least in low' not high
(37:08 / Allies) BEAR_AND: thought i was in high still
(37:09 / Allies) evil_pengoon: 3 for every 10
(37:09 / Allies) dirtmcwordup: fuck
(37:23 / All) ChillinPn0y: u'd be pissed
(37:30 / Allies) BEAR_AND: ?
(37:32 / Allies) BEAR_AND: incoming
(37:35 / All) BEAR_AND: ?
(37:38 / Allies) dirtmcwordup: fuck
(37:39 / All) BEAR_AND: u suck @ thi sgma
(37:42 / Allies) dirtmcwordup: why didnt you kill those
(37:44 / Allies) dirtmcwordup: great
(37:46 / Allies) dirtmcwordup: get ready
(38:35 / Allies) BEAR_AND: i wonder if a 6 beast could hit top w/ lizard
(38:42 / Allies) dirtmcwordup: neope
(38:45 / Allies) BEAR_AND: tried??
(38:50 / Allies) dirtmcwordup: tornado can do some nasty damage
(38:51 / Allies) dirtmcwordup: tho
(38:55 / Allies) BEAR_AND: yeah
(38:57 / Allies) BEAR_AND: ahd it happen
(38:59 / Allies) BEAR_AND: in the longest one
(39:03 / Allies) BEAR_AND: tinker can siege
(39:07 / Allies) evil_pengoon: he summon hawk
(39:09 / Allies) evil_pengoon: shade died
(39:11 / Allies) evil_pengoon: die
(39:13 / Allies) dirtmcwordup: ic
(39:17 / Allies) BEAR_AND: here
(39:18 / Allies) BEAR_AND: we
(39:18 / Allies) BEAR_AND: go
(39:27 / Allies) dirtmcwordup: honk honk
(39:30 / Allies) BEAR_AND: don't go near tank
(39:33 / Allies) dirtmcwordup: steams to me that our base is on fire
(39:42 / Allies) BEAR_AND: did you make that up in that slalom game
(39:44 / Allies) BEAR_AND: cause that is ag ood one
(39:50 / Allies) dirtmcwordup: nah
(39:53 / Allies) dirtmcwordup: made it up mad long ago
(39:55 / Allies) BEAR_AND: haha
(39:57 / Allies) dirtmcwordup: before i played w/ goons
(40:01 / Allies) dirtmcwordup: back inr oc
(40:06 / Allies) BEAR_AND: oh my god
(40:10 / Allies) dirtmcwordup: just havent used it in forever
(40:11 / Allies) BEAR_AND: pillage
(40:18 / Allies) dirtmcwordup: kill a nukka
(40:31 / Allies) dirtmcwordup: b up
(40:36 / Allies) evil_pengoon: b
(40:38 / Allies) dirtmcwordup: greed of the noob
(40:44 / Allies) BEAR_AND: u kieddign
(40:55 / Allies) dirtmcwordup: i would laugh so hard if you ran into 100 bat
(40:56 / Allies) dirtmcwordup: KAPOW
(41:03 / Allies) dirtmcwordup: bear and diconnect immediately from pure pwnagre
(41:04 / Allies) BEAR_AND: dead
(41:11 / All) dirtmcwordup: huyh
(41:12 / Allies) dirtmcwordup: dont
(41:13 / Allies) dirtmcwordup: make
(41:14 / All) BEAR_AND: pure
(41:15 / All) BEAR_AND: pwnage
(41:22 / All) ChillinPn0y: LOL
(41:26 / All) NotSoPRO: qwow
(41:29 / All) BEAR_AND: ty
(41:33 / All) BEAR_AND: fat noobie
(41:34 / All) dirtmcwordup: haha u guys suck for a living?? pwned maximumally
(41:41 / All) BEAR_AND: did u know i get paid $1 per win
(41:48 / Allies) dirtmcwordup: these guys outta gold and outta air units they quit now
(41:51 / All) BEAR_AND: ima buy hash brown from thsi tomorrow
(41:54 / Allies) dirtmcwordup: what fun is that
(42:02 / Allies) BEAR_AND: nah theses guys have the iwll to live
(42:09 / All) evil_pengoon: imma buy an xxxl wolf t shirt
(42:13 / Allies) dirtmcwordup: they strive........2 survive
(42:27 / Allies) BEAR_AND: i'm tabbing to profile em
(42:34 / Allies) dirtmcwordup: man i got mad caster and shit
(42:40 / Allies) dirtmcwordup: anticipating epic battles up top
(42:52 / Allies) BEAR_AND: 51%
(42:54 / Allies) BEAR_AND: their team is 9-8
(42:57 / Allies) BEAR_AND: clan 4tw
(42:59 / Allies) dirtmcwordup: spirit link lust and kodo could have been deciding facotrs
(43:02 / Allies) evil_pengoon: 100% noob?
(43:03 / Allies) dirtmcwordup: 4tw haha
(43:09 / Allies) dirtmcwordup: we play those guys at least x1000
(43:19 / All) BEAR_AND: u guys looking for clan?
(43:27 / All) BEAR_AND: ours is haveing tryouts
(43:38 / All) ChillinPn0y: ours is better
(43:43 / All) BEAR_AND: its losing to ours
(43:45 / All) dirtmcwordup: clan PP Pure Pwnage!!!!!!!!
(44:00 / Allies) BEAR_AND: hahahah
(44:02 / Allies) dirtmcwordup: pp acornym is useful in all situations
(44:15 / Allies) dirtmcwordup: one of my fav is power peace
(44:17 / Allies) dirtmcwordup: when you leaving
(44:22 / Allies) dirtmcwordup: you like pp power peace
(44:43 / All) BEAR_AND: yo
(44:45 / All) BEAR_AND: check our clan site
(44:46 / All) BEAR_AND: http://tinyurl.com/3czpb4
(44:51 / All) ChillinPn0y: yo
(44:53 / Allies) dirtmcwordup: is that the dick
(44:53 / All) ChillinPn0y: check ours
(44:57 / Allies) BEAR_AND: its the new one
(44:58 / Allies) BEAR_AND: yes
(44:58 / All) ChillinPn0y: www.meatspin.com
(44:59 / All) samx0rs: www.meatspin.com
(45:04 / All) dirtmcwordup: www.wowomg.com
(45:05 / All) BEAR_AND: haha i know that websirte
(45:09 / All) dirtmcwordup: that is my clan
(45:10 / All) samx0rs: you have probably have it bookmarked
(45:12 / All) evil_pengoon: ur website
(45:13 / All) evil_pengoon: its
(45:13 / All) dirtmcwordup: WOW Omg ur so good
(45:15 / All) evil_pengoon: my
(45:16 / All) evil_pengoon: homepage
(45:21 / All) dirtmcwordup: wlecome to my hompy
(45:26 / All) dirtmcwordup: welcome to my hooompy
(46:14 / Allies) dirtmcwordup: http://highper.ch/w3/hompy.mp3
(46:18 / Allies) BEAR_AND: pure bliss
(46:20 / Allies) dirtmcwordup: blinn singed that song
(46:22 / Allies) dirtmcwordup: so catchy
(46:29 / Allies) dirtmcwordup: a hompy is like a korean myspace kind of
(46:36 / Allies) dirtmcwordup: hompy home p home page i guess
(46:42 / Allies) dirtmcwordup: who the fuck knows what those asians do
(46:48 / All) BEAR_AND: WELCOME TO MAH HOOMPEY
(46:59 / Allies) evil_pengoon: hompy
(47:01 / Allies) evil_pengoon: .mp3
(47:04 / Allies) evil_pengoon: listenin right now
(47:11 / Allies) BEAR_AND: i said a welcome to my hompey
(47:16 / Allies) BEAR_AND: i forget that song exists like every week
(47:18 / Allies) BEAR_AND: and remember
(47:20 / Allies) BEAR_AND: and its like
(47:21 / Allies) BEAR_AND: fuck yes
(47:23 / Allies) BEAR_AND: when i listen again
(47:34 / Allies) evil_pengoon: this jack johnson shit
(47:37 / Allies) evil_pengoon: fantastic
(47:44 / Allies) dirtmcwordup: that solo
(47:49 / Allies) evil_pengoon: what the hecks a hompy
(47:53 / Allies) dirtmcwordup: i just explained
(47:55 / Allies) dirtmcwordup: scroll up
(48:09 / Allies) dirtmcwordup: its a rap song he sampled
(48:15 / Allies) dirtmcwordup: kind of
(48:23 / Allies) evil_pengoon: original by three 6 mafia
(48:33 / Allies) BEAR_AND: man w/ a plan
(48:41 / Allies) evil_pengoon: panama
(48:44 / Allies) dirtmcwordup: ep did you watch adventures in hollyhood
(48:52 / Allies) evil_pengoon: a couple episodes
(48:56 / Allies) evil_pengoon: its like
(49:04 / Allies) evil_pengoon: these niggas love money and willin to do anything to get it
(49:16 / Allies) evil_pengoon: including
(49:19 / All) evil_pengoon: mtv show
(49:23 / All) BEAR_AND: fuck yea
(49:32 / Allies) dirtmcwordup: it kind of sucked
(49:35 / Allies) evil_pengoon: yeah
(49:37 / Allies) dirtmcwordup: except for computer and big triece
(49:41 / Allies) evil_pengoon: they was tryin to get that green
(49:52 / Allies) dirtmcwordup: what you starin at
(49:54 / Allies) dirtmcwordup: i aint a mirror
(50:08 / Allies) evil_pengoon: did they play the lil jon version
(50:10 / Allies) evil_pengoon: of that
(50:13 / Allies) evil_pengoon: on the episode
(50:16 / Allies) dirtmcwordup: idk
(50:23 / Allies) dirtmcwordup: i saw like just parts of 3-4 episodes
(50:28 / Allies) dirtmcwordup: never saw a whole thing
(50:36 / Allies) dirtmcwordup: but that fuckin slap that sucka song is stuck in my head always
(51:07 / Allies) evil_pengoon: let me tell you what is stuck in my head 24/7
(51:34 / Allies) evil_pengoon: Snoop Doggy Dogg - [Tha Dogg #07] Ain't No Fun (If the Homies Can't Have None (ft. Nate Dogg, Warren G, Kurupt)
(51:52 / Allies) BEAR_AND: hide your shades
(51:54 / Allies) BEAR_AND: hes hunten
(52:17 / Allies) evil_pengoon: u have control u no
(52:21 / Allies) evil_pengoon: like a linkin park song
(52:26 / All) dirtmcwordup: u noops just got nard dogged
(52:34 / Allies) evil_pengoon: noops?
(52:41 / Allies) dirtmcwordup: p is like upside down b
(52:43 / Allies) dirtmcwordup: noob noop
(52:47 / Allies) evil_pengoon: i c
(53:09 / All) BEAR_AND: anybody at or 1v1 afterwards
(53:23 / All) dirtmcwordup: *a voice enters ur head: quit now whiel u still have time...."
(53:36 / All) BEAR_AND: *bonks u on the head with a bat boink x3*
(53:40 / All) dirtmcwordup: *u shake ur head violentley. trying to get rid of the pain full voice*
(54:02 / All) BEAR_AND: *all of a suddeng u are reaching for Menu*
(54:09 / All) BEAR_AND: brb pizza
(54:11 / All) BEAR_AND: pls
(54:12 / All) BEAR_AND: he at the door
(54:14 / All) BEAR_AND: 1min
(54:18 / All) evil_pengoon: u r a monstert
(54:19 / All) evil_pengoon: plz
(54:23 / All) evil_pengoon: let him get his pizza
(54:24 / All) dirtmcwordup: * ur fingers insticintvely react.....f10.....m...press it quicly....)
(54:35 / All) NotSoPRO: yo i just want to say
(54:39 / All) NotSoPRO: you guys are amazing at wc3
(54:48 / All) dirtmcwordup: is anything weird happening to u guys
(54:51 / All) BEAR_AND: *u are jealous as i chopm on my Pizza and u contemplate ur loss*
(54:55 / All) dirtmcwordup: im hearing these weirds ass voices
(55:04 / All) evil_pengoon: wut r they sayin
(55:13 / All) NotSoPRO: so do you guys like average 1 win every 5 hours/
(55:16 / All) dirtmcwordup: sumthing about f10 and m i dont know.........
(55:25 / All) dirtmcwordup: do you average 1 loss every 5 hours muahahaha
(55:42 / Allies) dirtmcwordup: waaaaahahaha
(55:44 / Allies) dirtmcwordup: that a good laugh
(55:50 / Allies) evil_pengoon: okay wario
(55:53 / Allies) BEAR_AND: on da move
(56:00 / All) BEAR_AND: wahoo
(56:04 / All) dirtmcwordup: no gold left on the map! *wahoo*
(56:04 / Allies) evil_pengoon: where to
(56:09 / All) BEAR_AND: he he
(56:18 / All) evil_pengoon: time to chyop da trees?
(56:24 / Allies) dirtmcwordup: guy steals my wahoo
(56:53 / Allies) dirtmcwordup: they're going to turlt
(56:54 / Allies) dirtmcwordup: e
(57:00 / Allies) BEAR_AND: so waht
(57:04 / Allies) dirtmcwordup: with mass siege hahaha
(57:16 / Allies) dirtmcwordup: incase those buildings attack
(57:24 / Allies) BEAR_AND: is orange hero dead
(57:28 / All) dirtmcwordup: u fellas got no gold? waaaaaaaaaaaaaahahahahahahaha
(57:28 / Allies) BEAR_AND: oh
(57:29 / Allies) BEAR_AND: no
(57:43 / All) BEAR_AND: were you guys from?
(57:46 / All) BEAR_AND: im in Toronto
(57:53 / All) ChillinPn0y: taiwan
(57:56 / All) ChillinPn0y: and South korea
(57:56 / Allies) dirtmcwordup: next spine we gotta try invis possess
(57:59 / All) NotSoPRO: North Korea
(58:00 / All) NotSoPRO: son
(58:05 / All) BEAR_AND: no
(58:07 / All) BEAR_AND: not true
(58:10 / All) evil_pengoon: r u on the dmz
(58:12 / All) BEAR_AND: ttry again
(58:12 / All) dirtmcwordup: whats it like to be malnourished hahaha.
(58:26 / All) ChillinPn0y: eat lots of kimchi
(58:26 / All) NotSoPRO: i'm the dictator
(58:31 / All) NotSoPRO: i eat all the food i want
(58:35 / All) dirtmcwordup: for asians you guys are really bad at this game
(58:35 / All) NotSoPRO: the peasants dont eat
(58:43 / All) ChillinPn0y: asian pussy has all the essentials
(58:43 / All) dirtmcwordup: i mean damn thats embarassing
(59:08 / All) dirtmcwordup: i mean physically asians arent very well off, thats why you guys are smart and good at video games
(59:09 / All) evil_pengoon: y dont u repair with ur peons
(59:22 / All) dirtmcwordup: but if you arent good at video games you may as well kill yourself.........
(60:02 / Allies) evil_pengoon: do you ever take out the bm dirt
(60:04 / Allies) evil_pengoon: ?
(60:12 / Allies) dirtmcwordup: hi this is timg4strok
(60:25 / Allies) dirtmcwordup: not dirtmcgirt
(60:34 / Allies) evil_pengoon: o hello timg
(60:39 / Allies) evil_pengoon: remember that time i beat mata
(60:45 / Allies) dirtmcwordup: haha and he quit
(60:47 / Allies) evil_pengoon: (this is evil_penguin)
(60:51 / Allies) dirtmcwordup: 1 week later he was on secret acct
(60:59 / Allies) dirtmcwordup: then like a month later he came back for real
(61:11 / Allies) evil_pengoon: hit red
(61:12 / Allies) evil_pengoon: he gone
(61:16 / Allies) dirtmcwordup: noep
(61:19 / Allies) dirtmcwordup: goig for the gold
(61:38 / Allies) dirtmcwordup: WOW
(62:01 / All) dirtmcwordup: according to my calculations i can do that 34 more times haaaaaaaaaaahahahahahehehehehehohh
(62:15 / Allies) evil_pengoon: wuts cool down on bstorm
(62:19 / All) dirtmcwordup: *welcomes u to my hompy*
(62:22 / Allies) dirtmcwordup: more
(62:25 / Allies) dirtmcwordup: maybe 90
(62:59 / Allies) dirtmcwordup: hot damn
(64:04 / Allies) evil_pengoon: they got true sight
(64:05 / Allies) evil_pengoon: there
(64:08 / Allies) evil_pengoon: so watch it
(64:08 / Allies) dirtmcwordup: oink oink
(64:37 / Allies) evil_pengoon: dont do it
(65:02 / Allies) dirtmcwordup: owned
(65:51 / Allies) evil_pengoon: cant crit trees?
(65:54 / Allies) dirtmcwordup: nope
(66:04 / Allies) dirtmcwordup: i see it
(66:05 / Allies) evil_pengoon: thorgas
(71:25 / Allies) evil_pengoon: welp
(71:28 / Allies) evil_pengoon: the end of an era
(71:30 / Allies) dirtmcwordup: that doc
(71:32 / Allies) dirtmcwordup: is in mid
(75:36 / All) ChillinPn0y: soo
(75:40 / All) dirtmcwordup: huh
(76:52 / Allies) evil_pengoon: ?
(76:54 / Allies) BEAR_AND: saw red
(77:00 / Allies) BEAR_AND: haha
(78:28 / Allies) evil_pengoon: got cloudzz
(78:31 / All) BEAR_AND: duh
(78:48 / Allies) dirtmcwordup: oops
(79:31 / Allies) dirtmcwordup: guy cant ever escape
(79:40 / All) BEAR_AND: happy haloween
(79:48 / All) BEAR_AND: look @ that spooky thing
(79:51 / All) BEAR_AND: trapped in a nightmare
(79:53 / Allies) dirtmcwordup: owned and powned
(80:38 / Allies) dirtmcwordup: o it
(81:45 / All) NotSoPRO: hardest $1 uve ever earned
(81:49 / All) BEAR_AND: nah
(82:07 / Allies) dirtmcwordup: got doc
(82:17 / All) dirtmcwordup: ty for free win
(82:19 / Allies) evil_pengoon: he ahs a farseer dontcha know
(82:23 / Allies) evil_pengoon: and a hawk master
(82:28 / Allies) evil_pengoon: master of hawks
(83:24 / Allies) BEAR_AND: hahaha lol
(83:26 / Allies) dirtmcwordup: not even gonna try to attack
(85:36 / Allies) dirtmcwordup: bring dk down
(85:38 / Allies) dirtmcwordup: for heal please
(87:09 / Allies) dirtmcwordup: get him to bolt you
(87:24 / Allies) dirtmcwordup: ciol
(87:34 / All) BEAR_AND: lmao
(87:58 / Allies) BEAR_AND: tp
(87:58 / Allies) dirtmcwordup: powned
(88:20 / Allies) dirtmcwordup: does troll bat rider have legs
(88:34 / Allies) BEAR_AND: they all amps
(88:37 / Allies) dirtmcwordup: i t looks like hees part of the bat
(89:18 / Allies) dirtmcwordup: oh
(89:23 / Allies) dirtmcwordup: his legs all bent
(89:27 / Allies) dirtmcwordup: how the fuck dos he rid ehtat
(89:28 / Allies) evil_pengoon: he sits on em
(89:37 / Allies) dirtmcwordup: hes standing on its back
(89:40 / Allies) dirtmcwordup: and is bent
(89:48 / Allies) dirtmcwordup: squatting on that things back
(89:58 / Allies) dirtmcwordup: holdin on for dear life with one had
(90:10 / Allies) dirtmcwordup: maybe hes taking a shit
(90:13 / Allies) dirtmcwordup: as he flies over you
(90:28 / Allies) dirtmcwordup: oops
(90:43 / Allies) dirtmcwordup: stuck like fuck
(91:16 / All) BEAR_AND: what a shitty re
(91:25 / Allies) dirtmcwordup: worst ultimate
(91:31 / Allies) dirtmcwordup: nah
(91:33 / Allies) dirtmcwordup: maybe eq
(92:00 / Allies) dirtmcwordup: what is worst ult
(92:02 / Allies) evil_pengoon: i dont know
(92:07 / Allies) evil_pengoon: that ult is pretty good
(92:07 / Allies) dirtmcwordup: eq and dk ult are bad
(92:10 / Allies) dirtmcwordup: im thinking
(92:11 / Allies) evil_pengoon: imho
(92:26 / Allies) dirtmcwordup: its not a game breaker though
(92:30 / Allies) dirtmcwordup: its very situational
(92:37 / Allies) dirtmcwordup: unless you slaughter very good units
(92:38 / Allies) dirtmcwordup: its bad
(92:46 / Allies) dirtmcwordup: and if you kill v. good units its probably over already
(92:47 / Allies) evil_pengoon: they invinc
(92:51 / Allies) evil_pengoon: its good everytime
(92:52 / Allies) dirtmcwordup: for 30 sec